 Seeded DCSS version 0.31-a0-219-g8d62b2e7bb (webtiles) character file.

Game seed: 18346887137507914922 (custom seed)

253 innerfire43 the Ducker (level 5, 0/42 HPs)
             Began as a Demonspawn Monk on July 3, 2023.
             Slain by Leavold's ghost (6 damage)
             ... on level 3 of the Dungeon.
             The game lasted 00:02:08 (2948 turns).

innerfire43 the Ducker (Demonspawn Monk)            Turns: 2948, Time: 00:02:08

Health: 0/42       AC: 13    Str: 14    XL:     5   Next: 90%
Magic:  5/5        EV: 12    Int: 11    God:
Gold:   73         SH:  4    Dex: 15    Spells: 4/4 levels left

rFire   . . .        a - +0 hand axe
rCold   + . .        d - orb {light}
rNeg    . . .        l - +2 ring mail "Naukank" {rC+}
rPois   .            (no helmet)
rElec   .            g - +0 cloak
rCorr   .            r - +0 pair of gloves
SInv    .            (no boots)
Will    .....        (no amulet)
Stlth   +            (no ring)
HPRegen 0.27/turn    (no ring)
MPRegen 0.09/turn

%: no passive effects
@: glowing
A: icemail 1, condensation shield
a: no special abilities


You were on level 3 of the Dungeon.
You visited 1 branch of the dungeon, and saw 3 of its levels.

You collected 73 gold pieces.

Inventory:

Hand Weapons
 a - a +0 hand axe (weapon)
Missiles
 s - a throwing net
Armour
 b - a +0 robe
 d - an orb of light (worn)
 g - a +0 cloak (worn)
 l - the +2 ring mail "Naukank" (worn) {rC+}
   (You found it on level 2 of the Dungeon)

   rC:        It protects you from cold.
 r - a +0 pair of gloves (worn)
Jewellery
 i - a ring of positive energy
Scrolls
 e - a scroll of torment {unknown}
 n - a scroll of identify {unknown}
 o - 2 scrolls of teleportation {unknown}
 p - a scroll of acquirement {unknown}
 q - a scroll of fog {unknown}
 t - 2 scrolls of poison {unknown}
Potions
 c - a potion of ambrosia
 f - 2 potions of heal wounds {unknown}
 h - a potion of cancellation {unknown}
 j - a potion of resistance {unknown}
 k - 3 potions of curing {unknown}
 m - 2 potions of haste {unknown}
 u - a potion of might {unknown}
 v - a potion of brilliance {unknown}
 w - a potion of lignification {unknown}


   Skills:
 + Level 4.2 Fighting
 + Level 3.8 Axes
 * Level 4.6 Dodging


You had 4 spell levels left.
You didn't know any spells.
Your spell library contained the following spells:

 Spells                   Type           Power      Damage    Failure   Level
 Ozocubu's Armour         Ice            0%         N/A       91%         3
 Ozocubu's Refrigeration  Ice            0%         4d7       100%        7
 Borgnjor's Revivificati  Necr           0%         N/A       100%        8
 Necromutation            Tmut/Necr      0%         N/A       100%        8
 Death's Door             Necr           0%         N/A       100%        9


Dungeon Overview and Level Annotations

Branches:
Dungeon (3/15)

Altars:

Annotations:
D:3 Leavold's ghost, amateur TeFi


Innate Abilities, Weirdness & Mutations

A meltable icy envelope protects you from harm. (AC +4)
A meltable shield of frost defends you. (SH +4)


Message History

Leavold's ghost is severely damaged.
Leavold's ghost hits you.
You hit Leavold's ghost.
Leavold's ghost is severely damaged.
Leavold's ghost says, "To die, to sleep, no more."
Leavold's ghost barely misses you.
You hit Leavold's ghost.
Leavold's ghost is severely damaged.
Leavold's ghost barely misses you. x2
You hit Leavold's ghost but do no damage.
Leavold's ghost is severely damaged.
Leavold's ghost hits you but does no damage.
Unknown command.
You hit Leavold's ghost but do no damage.
Leavold's ghost is severely damaged.
Leavold's ghost hits you but does no damage.
You hit Leavold's ghost but do no damage.
Leavold's ghost is severely damaged.
Leavold's ghost misses you.
You hit Leavold's ghost but do no damage.
Leavold's ghost is severely damaged.
Leavold's ghost barely misses you.
You hit Leavold's ghost but do no damage.
Leavold's ghost is severely damaged.
Leavold's ghost hits you.
* * * LOW HITPOINT WARNING * * *
You hit Leavold's ghost but do no damage.
Leavold's ghost is severely damaged.
Leavold's ghost hits you but does no damage.
You hit Leavold's ghost but do no damage.
Leavold's ghost is severely damaged.
Leavold's ghost barely misses you.
You hit Leavold's ghost.
Leavold's ghost is almost destroyed.
Leavold's ghost hits you.
* * * LOW HITPOINT WARNING * * *
You hit Leavold's ghost but do no damage.
Leavold's ghost is almost destroyed.
Leavold's ghost hits you.
You die...

~#
##...#####........#......
~#
#........#.##............
~#
#.##.###.#.##.....#......
~#
#.##.###.#.##......##...#
##
#.##....#######...###...#
#.#######.#.#.##..# ##.##
#.####..#.....#...# #...
#.......'....###.## ####
#####...@...$.##)#
##..W...?###.#
#..#.....##.#
####.#.#.##.###### ######
##......# #.####.#
###########.####.###
#...<.....#.##......
#####
#''######....#.#.###


You could see Leavold's ghost.

Vanquished Creatures
  A black bear (D:3)
  An orc priest (D:3)
  A howler monkey zombie (D:3)
  6 adders
  A howler monkey skeleton (D:3)
  2 dart slugs
  3 orcs (D:3)
  3 bats
  4 endoplasms
  A giant cockroach (D:2)
  3 goblins
  3 hobgoblins
  6 jackals
  4 quokkas
  5 ball pythons
  2 frilled lizards
  7 kobolds
  6 rats
59 creatures vanquished.

Notes
Turn   | Place    | Note
-------+----------+-------------------------------------------
     0 | D:1      | innerfire43 the Demonspawn Monk began the quest for the
                  | Orb.
     0 | D:1      | Reached XP level 1. HP: 18/18 MP: 1/1
   174 | D:1      | Gained mutation: A meltable shield of frost defends you.
                  | (SH +4) [demonic ancestry]
   174 | D:1      | Reached XP level 2. HP: 15/24 MP: 2/2
   943 | D:2      | Gained mutation: A meltable icy envelope protects you from
                  | harm. (AC +4) [demonic ancestry]
   943 | D:2      | Reached XP level 3. HP: 29/29 MP: 3/3
   951 | D:2      | Identified the +2 ring mail "Naukank" {rC+}
  1538 | D:2      | Found a faded altar of an unknown god.
  1986 | D:3      | Reached XP level 4. HP: 34/36 MP: 4/4
  2262 | D:3      | Found a runed translucent gate.
  2262 | D:3      | Found a runed translucent gate.
  2262 | D:3      | Found a runed translucent gate.
  2268 | D:3      | Noticed Leavold's ghost (amateur TeFi)
  2393 | D:3      | Noticed a black bear
  2410 | D:3      | Killed a black bear
  2411 | D:3      | Reached XP level 5. HP: 35/42 MP: 5/5
  2948 | D:3      | Slain by Leavold's ghost

Illustrated notes

Levels and vault maps discovered:
D:1:      heliophobic_arrival_ceremonial_halls, layout_basic
D:2:      layout_basic, shapermc_ecumenical_altar_mp_highgroup,
          grunt_ministairs_10, minivault_5, chequers_decorated_corner
D:3:      layout_loops_corners, serial_glass, glass_columns_a, glass_columns_c,
          glass_columns_c, glass_columns_b, gammafunk_ghost_necromancy,
          dk_vineyard_1, kennysheep_cross_room, grunt_decor_clamped

Skill      XL: |  1  2  3  4 |
---------------+-------------+-----
Dodging        | 3 4 |  4.6
Axes           | 3 |  3.8
Fighting       | 4 |  4.2

Action                     |  1- 3 |  4- 6 || total
---------------------------+-------+-------++-------
  Melee: Hand axe          |   112 |    88 ||   200
 Armour: Robe              |    13 |       ||    13
         Ring mail         |    20 |    50 ||    70
  Dodge: Dodged            |    67 |    79 ||   146
  Block: Orb               |    10 |    18 ||    28

Table legend: (Time is in decaauts)
 A = Elapsed time spent in this place.
 B = Non-inter-level travel time spent in this place.
 C = Inter-level travel time spent in this place.
 D = Time resting spent in this place.
 E = Time spent auto-exploring this place.
 F = Levels seen in this place.
 G = Mean time per level.
                   A        B        C        D        E       F      G
               +--------+--------+--------+--------+--------+-----+--------+
         Total |   2975 |   2879 |     96 |      0 |   2442 |   3 |  991.7 |
       Dungeon |   2975 |   2879 |     96 |      0 |   2442 |   3 |  991.7 |
               +--------+--------+--------+--------+--------+-----+--------+

Top non-repeatable levels by time:
     D:3: 1130 daAuts
     D:2: 943 daAuts
     D:1: 902 daAuts
